BLB
SEATTLE PILOTS @ LOS ANGELES DINOS
05/25/2060
 
TOP OF THE 1ST
Seattle Pilots batting - Pitching for Los Angeles Dinos : RHP Jessie Strong
Pitching: RHP Jessie Strong
Batting: RHB Douglas Morrison 0-0: Ball
1-0: Ball
2-0: Ball
3-0: Called Strike
3-1: Called Strike
3-2: Ground out 6-3 (Groundball, 6, EV 84.4 MPH)
Batting: LHB Ryan Carr 0-0: Called Strike
0-1: Foul Ball, location: 2F
0-2: Ball
1-2: Strikes out swinging
Batting: LHB Cade McCormick 0-0: Foul Ball, location: 2F
0-1: Called Strike
0-2: Ball
1-2: Ground out 4-3 (Groundball, 4, EV 78.1 MPH)
Top of the 1st over - 0 runs, 0 hits, 0 errors, 0 left on base; Seattle 0 - Los Angeles 0
BOTTOM OF THE 1ST
Los Angeles Dinos batting - Pitching for Seattle Pilots : RHP Douglas Okeyo
Pitching: RHP Douglas Okeyo
Batting: LHB Johnathan Baird 0-0: Swinging Strike
0-1: Ball
1-1: Foul Ball, location: 2F
1-2: Ball
2-2: TRIPLE (Flyball, 8LXD, EV 110.6 MPH)
Batting: LHB Tris Chikumbu 0-0: Ball
1-0: Called Strike
1-1: Foul Ball, location: 2F
1-2: Fly out, F6 (Flyball, 56D, EV 81.9 MPH)
Batting: RHB Rob Detling 0-0: Swinging Strike
0-1: 2-RUN HOME RUN (Flyball, 89XD, EV 99.4 MPH), Distance : 382 ft
Batting: RHB Andy Dillon 0-0: Foul Ball, location: 2F
0-1: SOLO HOME RUN (Flyball, 9D, EV 95.6 MPH), Distance : 370 ft
Batting: RHB Vince Cox 0-0: Called Strike
0-1: Foul Ball, location: 2F
0-2: Strikes out swinging
Batting: LHB Shawn Hickey 0-0: Ball
1-0: Called Strike
1-1: Called Strike
1-2: Foul Ball, location: 2F
1-2: Ball
2-2: Foul Ball, location: 2F
2-2: Foul Ball, location: 2F
2-2: Hit by Pitch
Batting: RHB Karson Gibson 0-0: Foul Ball, location: 2F
0-1: Ball
1-1: Ball
2-1: Called Strike
2-2: Fielders Choice at 2nd, 6-4 (Groundball, 6, EV 87.5 MPH)
Bottom of the 1st over - 3 runs, 3 hits, 0 errors, 1 left on base; Seattle 0 - Los Angeles 3
TOP OF THE 2ND
Seattle Pilots batting - Pitching for Los Angeles Dinos : RHP Jessie Strong
Batting: RHB Jerry Coleman 0-0: Called Strike
0-1: Swinging Strike
0-2: Foul Ball, location: 2F
0-2: Ball
1-2: Foul Ball, location: 2F
1-2: Strikes out swinging
Batting: RHB Jesse Baker 0-0: Called Strike
0-1: Swinging Strike
0-2: Ball
1-2: Strikes out looking
Batting: LHB Joseph Brandon 0-0: SINGLE (Line Drive, 9S, EV 103.8 MPH)
Batting: RHB Cole Kleiner 0-0: Foul Ball, location: 2F
0-1: Ball
1-1: Called Strike
1-2: Foul Ball, location: 2F
1-2: Strikes out swinging
Top of the 2nd over - 0 runs, 1 hit, 0 errors, 1 left on base; Seattle 0 - Los Angeles 3
BOTTOM OF THE 2ND
Los Angeles Dinos batting - Pitching for Seattle Pilots : RHP Douglas Okeyo
Batting: RHB Orrin Perkins 0-0: Foul Ball, location: 2F
0-1: Ground out 4-3 (Groundball, 34, EV 78.1 MPH)
Batting: RHB Derick Murphy 0-0: Called Strike
0-1: Called Strike
0-2: TRIPLE (Line Drive, 89XD, EV 101.2 MPH)
Batting: LHB Johnathan Baird 0-0: Foul Ball, location: 2F
0-1: Foul Ball, location: 2F
0-2: Ball
1-2: Ball
2-2: Foul Ball, location: 2F
2-2: Strikes out looking
Batting: LHB Tris Chikumbu 0-0: Ball
1-0: Ball
2-0: Ball
3-0: Called Strike
3-1: Fly out, F9 (Flyball, 9D, EV 88.8 MPH)
Bottom of the 2nd over - 0 runs, 1 hit, 0 errors, 1 left on base; Seattle 0 - Los Angeles 3
TOP OF THE 3RD
Seattle Pilots batting - Pitching for Los Angeles Dinos : RHP Jessie Strong
Batting: RHB Rice Mesyan 0-0: Swinging Strike
0-1: Ball
1-1: Ball
2-1: Swinging Strike
2-2: Foul Ball, location: 2F
2-2: Strikes out looking
Batting: RHB Kynan Shaw 0-0: Foul Ball, location: 2F
0-1: Swinging Strike
0-2: Strikes out swinging
Batting: RHB Douglas Morrison 0-0: Foul Ball, location: 2F
0-1: Foul Ball, location: 2F
0-2: Foul Ball, location: 2F
0-2: Ball
1-2: Foul Ball, location: 2F
1-2: Ball
2-2: Foul Ball, location: 2F
2-2: Fly out, F7 (Flyball, 78D, EV 108.8 MPH)
Top of the 3rd over - 0 runs, 0 hits, 0 errors, 0 left on base; Seattle 0 - Los Angeles 3
BOTTOM OF THE 3RD
Los Angeles Dinos batting - Pitching for Seattle Pilots : RHP Douglas Okeyo
Batting: RHB Rob Detling 0-0: Called Strike
0-1: Foul Ball, location: 2F
0-2: Strikes out swinging
Batting: RHB Andy Dillon 0-0: Ball
1-0: Swinging Strike
1-1: Swinging Strike
1-2: Ball
2-2: Strikes out swinging
Batting: RHB Vince Cox 0-0: Ground out 4-3 (Groundball, 4, EV 88.8 MPH)
Bottom of the 3rd over - 0 runs, 0 hits, 0 errors, 0 left on base; Seattle 0 - Los Angeles 3
TOP OF THE 4TH
Seattle Pilots batting - Pitching for Los Angeles Dinos : RHP Jessie Strong
Batting: LHB Ryan Carr 0-0: Ball
1-0: Called Strike
1-1: Called Strike
1-2: Strikes out swinging
Batting: LHB Cade McCormick 0-0: Foul Ball, location: 2F
0-1: Swinging Strike
0-2: Ball
1-2: Strikes out swinging
Batting: RHB Jerry Coleman 0-0: Ball
1-0: Hit by Pitch
Batting: RHB Jesse Baker 0-0: Ball
1-0: Called Strike
1-1: Foul Ball, location: 2F
1-2: Ball
2-2: Ball
3-2: Foul Ball, location: 2F
3-2: Fly out, F9 (Line Drive, 89M, EV 88.8 MPH)
Top of the 4th over - 0 runs, 0 hits, 0 errors, 1 left on base; Seattle 0 - Los Angeles 3
BOTTOM OF THE 4TH
Los Angeles Dinos batting - Pitching for Seattle Pilots : RHP Douglas Okeyo
Batting: LHB Shawn Hickey 0-0: Foul Ball, location: 2F
0-1: Called Strike
0-2: Ball
1-2: Ball
2-2: Strikes out looking
Batting: RHB Karson Gibson 0-0: Ball
1-0: Ball
2-0: SINGLE (Groundball, 34D, EV 94.4 MPH)
Batting: RHB Orrin Perkins 0-0: Called Strike
0-1: Called Strike
0-2: Ball
1-2: Ball
2-2: Strikes out swinging
Batting: RHB Derick Murphy 0-0: Ball
1-0: Foul Ball, location: 2F
1-1: Foul Ball, location: 2F
1-2: Foul Ball, location: 2F
1-2: Foul Ball, location: 2F
1-2: Ball
Karson Gibson is caught stealing 2nd base 2-4
Bottom of the 4th over - 0 runs, 1 hit, 0 errors, 0 left on base; Seattle 0 - Los Angeles 3
TOP OF THE 5TH
Seattle Pilots batting - Pitching for Los Angeles Dinos : RHP Jessie Strong
Batting: LHB Joseph Brandon 0-0: Swinging Strike
0-1: Swinging Strike
0-2: Foul Ball, location: 2F
0-2: Ball
1-2: Foul Ball, location: 2F
1-2: Foul Ball, location: 2F
1-2: Ball
2-2: Foul Ball, location: 2F
2-2: SINGLE (Line Drive, 34D, EV 108.1 MPH)
Batting: RHB Cole Kleiner 0-0: Foul Ball, location: 2F
0-1: Grounds into double play, 3-6-3 (Groundball, 3, EV 95.6 MPH)
Batting: RHB Rice Mesyan 0-0: Ball
1-0: Fly out, F9 (Flyball, 9D, EV 83.1 MPH)
Top of the 5th over - 0 runs, 1 hit, 0 errors, 0 left on base; Seattle 0 - Los Angeles 3
BOTTOM OF THE 5TH
Los Angeles Dinos batting - Pitching for Seattle Pilots : RHP Douglas Okeyo
Batting: RHB Derick Murphy 0-0: Called Strike
0-1: Foul Ball, location: 2F
0-2: Strikes out looking
Batting: LHB Johnathan Baird 0-0: Called Strike
0-1: Ground out 5-3 (Groundball, 5, EV 100.6 MPH)
Batting: LHB Tris Chikumbu 0-0: Called Strike
0-1: Ball
1-1: Ball
2-1: SINGLE (Flyball, 4MD, EV 88.1 MPH)
Batting: RHB Rob Detling 0-0: Called Strike
0-1: Ball
1-1: Fly out, F9 (Flyball, 8RS, EV 81.9 MPH)
Bottom of the 5th over - 0 runs, 1 hit, 0 errors, 1 left on base; Seattle 0 - Los Angeles 3
TOP OF THE 6TH
Seattle Pilots batting - Pitching for Los Angeles Dinos : RHP Jessie Strong
Batting: RHB Kynan Shaw 0-0: Called Strike
0-1: SINGLE (Groundball, 4M, EV 100.6 MPH) (infield hit)
Batting: RHB Douglas Morrison 0-0: Ball
Kynan Shaw steals 2nd base
1-0: Ball
2-0: Swinging Strike
2-1: Foul Ball, location: 2F
2-2: Strikes out swinging
Pitching: RHP Jamie Martino
Batting: LHB Ryan Carr 0-0: Called Strike
0-1: Ball
1-1: Foul Ball, location: 2F
1-2: Foul Ball, location: 2F
1-2: Strikes out looking
Batting: LHB Cade McCormick 0-0: Called Strike
0-1: Swinging Strike
0-2: Foul Ball, location: 2F
0-2: Ball
1-2: Ball
2-2: Ball
3-2: Fly out, F8 (Flyball, 8LD, EV 98.8 MPH)
Top of the 6th over - 0 runs, 1 hit, 0 errors, 1 left on base; Seattle 0 - Los Angeles 3
BOTTOM OF THE 6TH
Los Angeles Dinos batting - Pitching for Seattle Pilots : RHP Douglas Okeyo
Batting: RHB Andy Dillon 0-0: Ball
1-0: Called Strike
1-1: Foul Ball, location: 2F
1-2: Foul Ball, location: 2F
1-2: Ball
2-2: Ball
3-2: Foul Ball, location: 2F
3-2: Foul Ball, location: 2F
3-2: Ground out 6-3 (Groundball, 6, EV 100.6 MPH)
Batting: RHB Vince Cox 0-0: Ball
1-0: Swinging Strike
1-1: Called Strike
1-2: Ground out 6-3 (Groundball, 6, EV 87.5 MPH)
Batting: LHB Shawn Hickey 0-0: Ball
1-0: Called Strike
1-1: Ball
2-1: Ball
3-1: TRIPLE (Line Drive, 89XD, EV 112.5 MPH)
Pitching: LHP Rodell Jiu
Batting: RHB Karson Gibson 0-0: Foul Ball, location: 2F
0-1: Foul Ball, location: 2F
0-2: SINGLE (Groundball, 4, EV 107.5 MPH)
Shawn Hickey scores
Batting: RHB Orrin Perkins 0-0: Called Strike
0-1: Called Strike
Karson Gibson is caught stealing 2nd base 2-4
Bottom of the 6th over - 1 run, 2 hits, 0 errors, 0 left on base; Seattle 0 - Los Angeles 4
TOP OF THE 7TH
Seattle Pilots batting - Pitching for Los Angeles Dinos : RHP Jamie Martino
Batting: RHB Jerry Coleman 0-0: Ball
1-0: Ball
2-0: Ground out 5-3 (Groundball, 56S, EV 88.1 MPH)
Batting: RHB Jesse Baker 0-0: Swinging Strike
0-1: Foul Ball, location: 2F
0-2: Strikes out swinging
Batting: LHB Joseph Brandon 0-0: Fly out, F9 (Line Drive, 9, EV 85.6 MPH)
Top of the 7th over - 0 runs, 0 hits, 0 errors, 0 left on base; Seattle 0 - Los Angeles 4
BOTTOM OF THE 7TH
Los Angeles Dinos batting - Pitching for Seattle Pilots : LHP Rodell Jiu
Batting: RHB Orrin Perkins 0-0: SINGLE (Line Drive, 34D, EV 95.6 MPH)
Batting: RHB Derick Murphy 0-0: Sac Bunt to 23 - play at first, batter OUT! 3-4
Orrin Perkins to second
Batting: LHB Johnathan Baird 0-0: Ball
1-0: Called Strike
1-1: Foul Ball, location: 2F
1-2: Ball
2-2: Ball
3-2: Base on Balls
Batting: LHB Tris Chikumbu 0-0: Ball
1-0: DOUBLE (Line Drive, 7LS, EV 112.5 MPH)
Orrin Perkins scores
Johnathan Baird to third
Runner from 3rd tries for Home, SAFE, throw by LF to home
Batting: RHB Rob Detling 0-0: Ball
1-0: Ball
2-0: Foul Ball, location: 2F
2-1: SINGLE (Line Drive, 9LM, EV 107.5 MPH)
Tris Chikumbu to third
Batting: RHB Andy Dillon 0-0: Swinging Strike
0-1: Swinging Strike
0-2: Foul Ball, location: 2F
0-2: Foul Ball, location: 2F
0-2: Strikes out swinging
Batting: RHB Vince Cox 0-0: Ball
1-0: Fly out, F8 (Flyball, 8LD, EV 94.4 MPH)
Bottom of the 7th over - 2 runs, 3 hits, 0 errors, 2 left on base; Seattle 0 - Los Angeles 6
TOP OF THE 8TH
Seattle Pilots batting - Pitching for Los Angeles Dinos : RHP Jamie Martino
Batting: RHB Cole Kleiner 0-0: Ball
1-0: DOUBLE (Line Drive, 3D, EV 102.5 MPH)
Batting: RHB Rice Mesyan 0-0: Swinging Strike
0-1: Called Strike
0-2: Ball
1-2: Foul Ball, location: 2F
1-2: Ball
2-2: Strikes out swinging
Batting: RHB Kynan Shaw 0-0: Called Strike
0-1: Ball
1-1: Called Strike
1-2: Foul Ball, location: 2F
1-2: Strikes out swinging
Batting: RHB Douglas Morrison 0-0: Swinging Strike
0-1: Ball
1-1: Ball
2-1: Ball
3-1: Ground out 4-3 (Groundball, 4, EV 88.1 MPH)
Top of the 8th over - 0 runs, 1 hit, 0 errors, 1 left on base; Seattle 0 - Los Angeles 6
BOTTOM OF THE 8TH
Los Angeles Dinos batting - Pitching for Seattle Pilots : LHP Rodell Jiu
Batting: LHB Shawn Hickey 0-0: Swinging Strike
0-1: Foul Ball, location: 2F
0-2: Foul Ball, location: 2F
0-2: Ball
1-2: Ground out 1-3 (Groundball, 13, EV 75.0 MPH)
Batting: RHB Karson Gibson 0-0: Foul Ball, location: 2F
0-1: Ball
1-1: Ground out 4-3 (Groundball, 4, EV 101.2 MPH)
Batting: RHB Orrin Perkins 0-0: Ball
1-0: Called Strike
1-1: Ball
2-1: Fly out, F1 (Line Drive, P, EV 66.9 MPH)
Bottom of the 8th over - 0 runs, 0 hits, 0 errors, 0 left on base; Seattle 0 - Los Angeles 6
TOP OF THE 9TH
Seattle Pilots batting - Pitching for Los Angeles Dinos : RHP Jamie Martino
Batting: LHB Ryan Carr 0-0: Ball
1-0: Swinging Strike
1-1: Foul Ball, location: 2F
1-2: Foul Ball, location: 2F
1-2: Ball
2-2: Ball
3-2: Strikes out looking
Batting: LHB Cade McCormick 0-0: Ball
1-0: Ball
2-0: Ball
3-0: Base on Balls
Batting: RHB Jerry Coleman 0-0: Ball
1-0: Grounds into double play, 4-6-3 (Groundball, 4, EV 110.6 MPH)
Top of the 9th over - 0 runs, 0 hits, 0 errors, 0 left on base; Seattle 0 - Los Angeles 6
Friday, May 3rd , 2024 - OOTP Baseball 23.10 Build 110